cohdb
Replays
Latest Replays
All Replays
Popular Replays
Top Player Replays
Match Explorer
How It Works
Community
CoH3 Stats
Reddit
Sign in to upload your games and track your stats! →
Sign in with Steam
Match 42433477
Unlisted
Match 42433477
Overview
Messages
Build Orders
End
Construct Infanterie Kompanie
Grenadier Squad
Selects Terror Battlegroup
Selects Machine Gun Camouflage
MG 42 Machine Gun Team
GrW 34 Mortar Team
Grenadier Squad
Construct Luftwaffe Kompanie
Medical Station
Jäger Squad
Selects Contempt for the Weak
Jäger Squad
MG 42 Machine Gun Team
Selects Propaganda Leaflet Drop
Construct Panzer Kompanie
Stoßtruppen Squad
MG 42 Machine Gun Team
Selects V1 Rocket Strike
Panzer IV Medium Tank
V1 Rocket Strike
Pioneer Squad
Stoßtruppen Squad
Selects Defend the Fatherland
Panzer IV Medium Tank
alraf13
Boatshoe
Undying Kaiser
HOTSHOT
Kickass
tupapia
kingweef
gUi
0
0
Comments
sign in to comment!
No comments posted yet!